TOP OF THE 1ST |
Missouri Tigers batting - Pitching for Notre Dame Fighting Irish : RHP Joey Jones
|
Pitching: RHP Joey Jones
|
|
Batting: SHB Marcos Cruz
|
0-0: Ball 1-0: Ground out 4-3 (Groundball, 4)
|
Batting: LHB Julián Echevarría
|
0-0: Called Strike 0-1: Ball 1-1: Called Strike 1-2: SINGLE (Line Drive, 7)
|
Batting: SHB Brian Fish
|
0-0: SINGLE (Line Drive, 78S) Julián Echevarría to second
|
Batting: LHB Rodney Rosa
|
0-0: Ball 1-0: Ball Wild Pitch! Julián Echevarría to third Brian Fish to second 2-0: Called Strike 2-1: Ground out 5-3 (Groundball, 56) Julián Echevarría scores
|
Batting: RHB Harvey Willis
|
0-0: Ball 1-0: Ball 2-0: Foul Ball, location: 2F 2-1: Ball 3-1: Fly out, F8 (Flyball, 8RS)
|
Top of the 1st over - 1 run, 2 hits, 0 errors, 1 left on base; Missouri 1 - Notre Dame 0 |
BOTTOM OF THE 1ST |
Notre Dame Fighting Irish batting - Pitching for Missouri Tigers : RHP Kelly Rhoads
|
Pitching: RHP Kelly Rhoads
|
|
Batting: RHB Allen Miller
|
0-0: Ball 1-0: Called Strike 1-1: Foul Ball, location: 2F 1-2: Foul Ball, location: 2F 1-2: Foul Ball, location: 2F 1-2: Ball 2-2: Ball 3-2: Base on Balls
|
Batting: LHB Mitch Morales
|
0-0: Ball 1-0: Foul Ball, location: 2F 1-1: Fly out, F7 (Flyball, 7LDF)
|
Batting: LHB Sam Knight
|
0-0: Ball 1-0: Swinging Strike Passed Ball! Allen Miller to second 1-1: Ball 2-1: Ball 3-1: Called Strike 3-2: Strikes out looking
|
Batting: LHB Juan Muñóz
|
0-0: Foul Ball, location: 2F 0-1: Foul Ball, location: 2F 0-2: Ball 1-2: Ball 2-2: Ground out 1-3 (Groundball, 13S)
|
Bottom of the 1st over - 0 runs, 0 hits, 0 errors, 1 left on base; Missouri 1 - Notre Dame 0 |
TOP OF THE 2ND |
Missouri Tigers batting - Pitching for Notre Dame Fighting Irish : RHP Joey Jones
|
Batting: RHB Harry Edwards
|
0-0: Called Strike 0-1: Foul Ball, location: 2F 0-2: Strikes out looking
|
Batting: LHB Michael Robertson
|
0-0: Ball 1-0: Swinging Strike 1-1: Called Strike 1-2: Ball 2-2: SINGLE (Line Drive, 56D)
|
Batting: LHB Alfredo Herrera
|
0-0: Called Strike 0-1: Called Strike 0-2: Foul Ball, location: 2F 0-2: Strikes out swinging
|
Batting: SHB David Castaneda
|
0-0: Ball 1-0: Ball 2-0: 2-RUN HOME RUN (Flyball, 9LD), Distance : 331 ft
|
Batting: SHB Marcos Cruz
|
0-0: Ball 1-0: SINGLE (Flyball, 89M)
|
Batting: LHB Julián Echevarría
|
0-0: Ball 1-0: Called Strike 1-1: Ball 2-1: Ball 3-1: Ground out 5-3 (Groundball, 56)
|
Top of the 2nd over - 2 runs, 3 hits, 0 errors, 1 left on base; Missouri 3 - Notre Dame 0 |
BOTTOM OF THE 2ND |
Notre Dame Fighting Irish batting - Pitching for Missouri Tigers : RHP Kelly Rhoads
|
Batting: SHB Willie Graves
|
0-0: Called Strike 0-1: Ball 1-1: Ball 2-1: Foul Ball, location: 2F 2-2: Strikes out swinging
|
Batting: SHB Andre Keeler
|
0-0: Ball 1-0: Swinging Strike 1-1: Swinging Strike 1-2: Strikes out swinging, 2-3 out at first.
|
Batting: LHB Stewart Rodríguez
|
0-0: Ball 1-0: Called Strike 1-1: Fly out, F8 (Flyball, 8LD)
|
Bottom of the 2nd over - 0 runs, 0 hits, 0 errors, 0 left on base; Missouri 3 - Notre Dame 0 |
TOP OF THE 3RD |
Missouri Tigers batting - Pitching for Notre Dame Fighting Irish : RHP Joey Jones
|
Batting: SHB Brian Fish
|
0-0: Foul Ball, location: 2F 0-1: Ball 1-1: Fly out, F5 (Popup, 5SF)
|
Batting: LHB Rodney Rosa
|
0-0: Called Strike 0-1: SINGLE (Line Drive, 6D)
|
Batting: RHB Harvey Willis
|
0-0: Ball Rodney Rosa is caught stealing 2nd base 1-0: Ground out U3 (Groundball, 34S)
|
Top of the 3rd over - 0 runs, 1 hit, 0 errors, 0 left on base; Missouri 3 - Notre Dame 0 |
BOTTOM OF THE 3RD |
Notre Dame Fighting Irish batting - Pitching for Missouri Tigers : RHP Kelly Rhoads
|
Batting: RHB Gene Swanson
|
0-0: Fly out, F7 (Flyball, 7)
|
Batting: LHB John Young
|
0-0: Ball 1-0: Ball 2-0: Ball 3-0: Base on Balls
|
Batting: RHB Allen Miller
|
0-0: Ball 1-0: Ball 2-0: SINGLE (Flyball, 89M) John Young to second Runner from 2nd tries for 3rd, SAFE, throw made to third
|
Batting: LHB Mitch Morales
|
0-0: Ball 1-0: Ball 2-0: Ball 3-0: Base on Balls Allen Miller to second
|
Batting: LHB Sam Knight
|
0-0: Foul Ball, location: 2F 0-1: Ball 1-1: Ball 2-1: Ball 3-1: Foul Ball, location: 2F 3-2: Grounds into double play, 6-4-3 (Groundball, 6)
|
Bottom of the 3rd over - 0 runs, 1 hit, 0 errors, 2 left on base; Missouri 3 - Notre Dame 0 |
TOP OF THE 4TH |
Missouri Tigers batting - Pitching for Notre Dame Fighting Irish : RHP Joey Jones
|
Batting: RHB Harry Edwards
|
0-0: Called Strike 0-1: Called Strike 0-2: Ball 1-2: Strikes out swinging
|
Batting: LHB Michael Robertson
|
0-0: Foul Ball, location: 2F 0-1: SINGLE (Line Drive, 6D)
|
Batting: LHB Alfredo Herrera
|
0-0: Fly out, F8 (Flyball, 8RD)
|
Batting: SHB David Castaneda
|
0-0: Ground out 1-3 (Groundball, P)
|
Top of the 4th over - 0 runs, 1 hit, 0 errors, 1 left on base; Missouri 3 - Notre Dame 0 |
BOTTOM OF THE 4TH |
Notre Dame Fighting Irish batting - Pitching for Missouri Tigers : RHP Kelly Rhoads
|
Batting: LHB Juan Muñóz
|
0-0: Called Strike 0-1: Ball 1-1: Called Strike 1-2: Ball 2-2: Strikes out swinging, 2-3 out at first.
|
Batting: SHB Willie Graves
|
0-0: Ball 1-0: Fly out, F7 (Flyball, 78D)
|
Batting: SHB Andre Keeler
|
0-0: Ball 1-0: Called Strike 1-1: Ball 2-1: Ball 3-1: Called Strike 3-2: Foul Ball, location: 2F 3-2: Base on Balls
|
Batting: LHB Stewart Rodríguez
|
0-0: Foul Ball, location: 2F 0-1: Swinging Strike 0-2: Foul Ball, location: 2F 0-2: Ball 1-2: Foul Ball, location: 2F 1-2: Fly out, F7 (Flyball, 7S)
|
Bottom of the 4th over - 0 runs, 0 hits, 0 errors, 1 left on base; Missouri 3 - Notre Dame 0 |
TOP OF THE 5TH |
Missouri Tigers batting - Pitching for Notre Dame Fighting Irish : RHP Joey Jones
|
Batting: SHB Marcos Cruz
|
0-0: Swinging Strike 0-1: Ground out 4-3 (Groundball, 4)
|
Batting: LHB Julián Echevarría
|
0-0: Foul Ball, location: 2F 0-1: Ball 1-1: Foul Ball, location: 2F 1-2: Ball 2-2: Strikes out swinging
|
Batting: SHB Brian Fish
|
0-0: Swinging Strike 0-1: Foul Ball, location: 2F 0-2: Ball 1-2: Ball 2-2: Ball 3-2: Foul Ball, location: 2F 3-2: Ground out 4-3 (Groundball, 4D)
|
Top of the 5th over - 0 runs, 0 hits, 0 errors, 0 left on base; Missouri 3 - Notre Dame 0 |
BOTTOM OF THE 5TH |
Notre Dame Fighting Irish batting - Pitching for Missouri Tigers : RHP Kelly Rhoads
|
Batting: RHB Gene Swanson
|
0-0: Called Strike 0-1: Ground out 5-3 (Groundball, 5S)
|
Batting: LHB John Young
|
0-0: Called Strike 0-1: Ball 1-1: Ball 2-1: SOLO HOME RUN (Flyball, 9LD), Distance : 334 ft
|
Batting: RHB Allen Miller
|
0-0: Foul Ball, location: 2F 0-1: Ground out 6-3 (Groundball, 6)
|
Batting: LHB Mitch Morales
|
0-0: Ground out 6-3 (Groundball, 6)
|
Bottom of the 5th over - 1 run, 1 hit, 0 errors, 0 left on base; Missouri 3 - Notre Dame 1 |
TOP OF THE 6TH |
Missouri Tigers batting - Pitching for Notre Dame Fighting Irish : RHP Joey Jones
|
Batting: LHB Rodney Rosa
|
0-0: Called Strike 0-1: Called Strike 0-2: Ball 1-2: Strikes out swinging, 2-3 out at first.
|
Batting: RHB Harvey Willis
|
0-0: Ball 1-0: Called Strike 1-1: Fly out, F9 (Flyball, 9)
|
Batting: RHB Harry Edwards
|
0-0: SINGLE (Line Drive, 34D)
|
Batting: LHB Michael Robertson
|
0-0: Ball 1-0: Ball 2-0: Ball 3-0: Called Strike 3-1: Base on Balls Harry Edwards to second
|
Pitching: RHP Nick Wilson
|
|
Batting: LHB Alfredo Herrera
|
0-0: Called Strike 0-1: Called Strike 0-2: Ball 1-2: Foul Ball, location: 2F 1-2: Ball 2-2: DOUBLE (Line Drive, 89D) Harry Edwards scores Michael Robertson to third Runner from 3rd tries for Home, throw and OUT!
|
Top of the 6th over - 1 run, 2 hits, 0 errors, 1 left on base; Missouri 4 - Notre Dame 1 |
BOTTOM OF THE 6TH |
Notre Dame Fighting Irish batting - Pitching for Missouri Tigers : RHP Kelly Rhoads
|
Pitching: RHP Stephen Bishop
|
|
Batting: LHB Sam Knight
|
0-0: Ball 1-0: Ball 2-0: Called Strike 2-1: Foul Ball, location: 2F 2-2: Ground out 4-3 (Groundball, 4)
|
Batting: LHB Juan Muñóz
|
0-0: Ball 1-0: Ball 2-0: Ball 3-0: Called Strike 3-1: Base on Balls
|
Batting: SHB Willie Graves
|
0-0: Called Strike 0-1: Ball 1-1: Fly out, F8 (Flyball, 89D)
|
Batting: SHB Andre Keeler
|
0-0: Called Strike 0-1: Swinging Strike 0-2: Ground out 4-3 (Groundball, 4M)
|
Bottom of the 6th over - 0 runs, 0 hits, 0 errors, 1 left on base; Missouri 4 - Notre Dame 1 |
TOP OF THE 7TH |
Missouri Tigers batting - Pitching for Notre Dame Fighting Irish : RHP Nick Wilson
|
Batting: SHB David Castaneda
|
0-0: Ground out 6-3 (Groundball, 6)
|
Batting: SHB Marcos Cruz
|
0-0: Swinging Strike 0-1: SINGLE (Line Drive, 4M)
|
Batting: LHB Julián Echevarría
|
0-0: Called Strike 0-1: Ball 1-1: Ball 2-1: Ball 3-1: Fly out, F7 (Flyball, 7LSF)
|
Batting: SHB Brian Fish
|
0-0: Called Strike 0-1: Ball 1-1: Ball 2-1: Ball 3-1: Called Strike 3-2: Ground out 1-3 (Groundball, 13)
|
Top of the 7th over - 0 runs, 1 hit, 0 errors, 1 left on base; Missouri 4 - Notre Dame 1 |
BOTTOM OF THE 7TH |
Notre Dame Fighting Irish batting - Pitching for Missouri Tigers : RHP Stephen Bishop
|
Batting: LHB Stewart Rodríguez
|
0-0: SINGLE (Groundball, 6MD)
|
Batting: RHB Gene Swanson
|
0-0: Ball Stewart Rodríguez steals 2nd base 1-0: Foul Ball, location: 2F 1-1: Foul Ball, location: 2F 1-2: Strikes out swinging
|
Batting: LHB John Young
|
0-0: Ball 1-0: 2-RUN HOME RUN (Flyball, 89XD), Distance : 362 ft
|
Pitching: RHP Melvin Adams
|
|
Batting: RHB Allen Miller
|
0-0: Ball 1-0: Ball 2-0: Ball 3-0: Base on Balls
|
Batting: LHB Mitch Morales
|
0-0: Ball 1-0: Foul Ball, location: 2F 1-1: Swinging Strike 1-2: Strikes out looking
|
Batting: LHB Sam Knight
|
0-0: Called Strike 0-1: Foul Ball, location: 2F 0-2: Ball 1-2: Ball 2-2: Fly out, F6 (Flyball, 6D)
|
Bottom of the 7th over - 2 runs, 2 hits, 0 errors, 1 left on base; Missouri 4 - Notre Dame 3 |
TOP OF THE 8TH |
Missouri Tigers batting - Pitching for Notre Dame Fighting Irish : RHP Nick Wilson
|
Batting: LHB Rodney Rosa
|
0-0: Ball 1-0: Ball 2-0: SINGLE (Groundball, 34D)
|
Batting: RHB Harvey Willis
|
0-0: Called Strike 0-1: Ball 1-1: Ball 2-1: Fly out, F9 (Flyball, 9S)
|
Batting: RHB Harry Edwards
|
0-0: Ball 1-0: Called Strike Rodney Rosa is caught stealing 2nd base 1-1: Called Strike 1-2: Foul Ball, location: 2F 1-2: Ball 2-2: Strikes out looking
|
Top of the 8th over - 0 runs, 1 hit, 0 errors, 0 left on base; Missouri 4 - Notre Dame 3 |
BOTTOM OF THE 8TH |
Notre Dame Fighting Irish batting - Pitching for Missouri Tigers : RHP Melvin Adams
|
Now at 1B: Vincent Turner
|
|
Batting: LHB Juan Muñóz
|
0-0: Ball 1-0: Ball 2-0: Called Strike 2-1: Called Strike 2-2: Ground out 4-3 (Groundball, 34)
|
Batting: SHB Willie Graves
|
0-0: Ball 1-0: Ball 2-0: SINGLE (Line Drive, 78S)
|
Pinch Runner at 1st Lee Dean:
|
|
Batting: SHB Andre Keeler
|
0-0: Called Strike 0-1: Foul Ball, location: 2F 0-2: Ball 1-2: Ball 2-2: Foul Ball, location: 2F 2-2: Fly out, F7 (Flyball, 7S)
|
Pitching: LHP Harrison Hankins
|
|
Pinch Hitting: RHB River Hall
|
0-0: Called Strike 0-1: Ball 1-1: Called Strike 1-2: Strikes out looking
|
Bottom of the 8th over - 0 runs, 1 hit, 0 errors, 1 left on base; Missouri 4 - Notre Dame 3 |
TOP OF THE 9TH |
Missouri Tigers batting - Pitching for Notre Dame Fighting Irish : RHP Nick Wilson
|
Pitching: RHP Rubén Romano
|
|
Now in CF: Bartolo Medina
|
|
Batting: LHB Michael Robertson
|
0-0: Called Strike 0-1: DOUBLE (Line Drive, 89D)
|
Batting: LHB Alfredo Herrera
|
0-0: Intentional Walk
|
Pinch Hitting: RHB Beau McNeill
|
0-0: Fielders Choice at 2nd, 4-6 (Groundball, 34) Michael Robertson to third
|
Batting: SHB Marcos Cruz
|
0-0: Ball 1-0: Called Strike Throwing error on steal attempt, E2 Michael Robertson scores Beau McNeill to third 1-1: Foul Ball, location: 2F 1-2: Strikes out swinging
|
Batting: LHB Julián Echevarría
|
0-0: Ball 1-0: Ball 2-0: Ball 3-0: Called Strike 3-1: Called Strike 3-2: Strikes out swinging
|
Top of the 9th over - 1 run, 1 hit, 1 error, 1 left on base; Missouri 5 - Notre Dame 3 |
BOTTOM OF THE 9TH |
Notre Dame Fighting Irish batting - Pitching for Missouri Tigers : LHP Harrison Hankins
|
Pitching: RHP Michel Bernatchez
|
|
Now at 2B: Beau McNeill
|
|
Batting: RHB Gene Swanson
|
0-0: Called Strike 0-1: SINGLE (Line Drive, 7LS)
|
Batting: LHB John Young
|
0-0: Ball 1-0: Called Strike 1-1: Ball 2-1: Ball 3-1: Base on Balls Gene Swanson to second
|
Batting: RHB Allen Miller
|
0-0: Ball 1-0: Foul Ball, location: 2F 1-1: Swinging Strike 1-2: Ball 2-2: Ball 3-2: Base on Balls Gene Swanson to third John Young to second
|
Batting: LHB Mitch Morales
|
0-0: Called Strike 0-1: Foul Ball, location: 2F 0-2: Fly out, F9 (Flyball, 9)
|
Batting: LHB Sam Knight
|
0-0: Ball 1-0: Foul Ball, location: 2F 1-1: Ball 2-1: Foul Ball, location: 2F 2-2: Grounds into fielders choice 4-2 (Groundball, 4MS) John Young to third Allen Miller to second
|
Batting: LHB Juan Muñóz
|
0-0: Swinging Strike 0-1: Swinging Strike 0-2: Ball 1-2: Strikes out swinging
|
Bottom of the 9th over - 0 runs, 1 hit, 0 errors, 3 left on base; Missouri 5 - Notre Dame 3 |
|